National vs Saguenéens

Created - 9 novembre 2014 at 19:07

Goals
1 2 3 T
National 2 1 2 5
Saguenéens 2 0 1 3
Shots
1 2 3 T
National 9 13 10 32
Saguenéens 19 6 13 38

1st period

1. National , Pat Dwyer 6 (David Desharnais, Janne Niskala) at 10:43
2. Saguenéens , David Moss 13 (Derek Morris, Kyle Brodziak) at 13:44
3. Saguenéens , David Laliberté 3 (Eric Tangradi) at 14:57
4. National , Jonathan Cheechoo 15 (Ty Wishart) at 15:30

Penalties :
No Penalty

2nd period

5. National , Igor Makarov 5 (Dustin Kohn, Magnus Paajarvi-Svensson) at 4:34

Penalties :
Guillaume Desbiens (Que) for Roughing (Minor) at 1:27, Guillaume Desbiens (Que) for Hooking (Minor) at 6:11, Bryan Bickell (Chi) for Hooking (Minor) at 10:55

3rd period

6. Saguenéens , Brian Flynn 11 (Joffrey Lupul, David Rundblad) at 1:00
7. National , Guillaume Desbiens 6 (Mikael Backlund, Dustin Kohn) at 4:05
8. National , Guillaume Desbiens 7 (Mikael Backlund) at 12:57 (PP)

Penalties :
Brandon Burlon (Chi) for Interference (Minor) at 9:05, David Rundblad (Chi) for Holding (Minor) at 12:22

Goalie Stats

Keith Kinkaid (Que), 35 saves from 38 shots - (0,921), W, 7-7-1, 60:00 minutes
Harru Sateri (Chi), 27 saves from 32 shots - (0,844), L, 3-4-1, 60:00 minutes

Players Stats for National

Player Name              G  A  P  +/- PIM S  H  SB GA TA FO     MP     PP MP  PK MP  
------------------------------------------------------------------------------------
Chris Mueller            0  0  0   1  0   1  0  0  0  1  0/2     7:17   0:07   0:00 
David Desharnais         0  1  1   0  0   3  0  0  0  0  2/6    13:58   0:00   1:08 
Denis Bodrov             0  0  0   1  0   0  0  2  0  0  0/0    20:53   1:40   1:22 
Dustin Kohn              0  2  2   1  0   0  2  1  0  0  0/0    20:53   1:40   1:22 
Erik Gustafsson          0  0  0   1  0   0  1  0  0  0  0/0    12:35   0:00   0:00 
Guillaume Desbiens       2  0  2   0  4   6  2  1  1  0  1/2    20:44   2:34   0:00 
Igor Makarov             1  0  1   1  0   2  0  0  0  0  0/0     7:14   0:00   0:00 
Janne Niskala            0  1  1  -1  0   2  1  0  1  0  0/0    26:32   2:53   2:36 
Johannes Salmonsson      0  0  0   0  0   3  1  0  1  0  0/0    12:59   0:07   0:00 
Jonathan Cheechoo        1  0  1   0  0   2  2  1  1  0  1/1    16:00   1:52   0:57 
Jonathan Matsumoto       0  0  0   0  0   2  2  1  1  1  5/13   15:23   1:59   0:00 
Magnus Paajarvi-Svensson 0  1  1   1  0   0  1  0  0  0  0/0     8:17   0:00   1:15 
Mikael Backlund          0  2  2   0  0   2  1  1  0  2  11/31  22:40   2:34   1:47 
Pasi Salonen             0  0  0   0  0   0  2  0  0  0  1/1    17:36   1:52   1:46 
Pat Dwyer                1  0  1   0  0   7  6  1  0  0  0/0    13:53   0:00   1:03 
Philip Larsen            0  0  0   1  0   0  3  1  0  0  0/0    12:35   0:00   0:00 
Rico Fata                0  0  0   0  0   2  2  0  0  0  1/1    19:59   2:34   0:00 
Ty Wishart               0  1  1  -1  0   0  0  2  0  1  0/0    26:32   2:53   2:36 

Players Stats for Saguenéens

Player Name              G  A  P  +/- PIM S  H  SB GA TA FO     MP     PP MP  PK MP  
------------------------------------------------------------------------------------
Brandon Burlon           0  0  0   0  2   0  1  0  0  1  0/0     9:34   0:00   1:31 
Brian Flynn              1  0  1  -1  0   3  1  1  0  2  6/13   16:46   2:04   0:00 
Bryan Bickell            0  0  0  -1  2   1  1  1  0  0  0/1    14:52   0:06   0:00 
David Laliberté          1  0  1   1  0   4  0  0  0  0  0/0    13:52   0:06   2:25 
David Moss               1  0  1  -1  0   7  1  1  0  0  0/1    21:49   2:04   2:08 
David Rundblad           0  1  1  -2  2   2  3  0  1  1  0/0    27:25   2:02   0:46 
David Toews              0  0  0   0  0   0  0  0  0  0  1/1     7:59   0:00   0:00 
Derek Morris             0  1  1   1  0   4  1  1  1  1  0/0    26:29   1:56   2:06 
Eric Tangradi            0  1  1   1  0   0  1  0  1  0  0/0    11:23   0:09   0:00 
Evgeny Dadonov           0  0  0  -1  0   3  1  1  2  0  1/1    19:23   2:04   0:00 
Joffrey Lupul            0  1  1  -1  0   4  1  0  0  0  1/1    18:36   1:48   2:08 
Kevin Marshall           0  0  0   1  0   1  3  1  0  0  0/0    22:21   1:56   1:33 
Kyle Brodziak            0  1  1  -1  0   4  5  0  0  0  23/34  21:27   1:45   2:25 
Luke Witkowski           0  0  0   0  0   0  2  2  0  0  0/0    12:36   0:00   0:10 
Marcus Johansson         0  0  0   1  0   3  1  0  0  0  3/5    12:59   1:48   0:00 
Mike Sauer               0  0  0  -2  0   0  1  1  0  0  0/0    21:38   2:02   3:00 
Rhett Rakhshani          0  0  0   0  0   2  1  0  0  0  0/0     8:16   0:00   0:00 
Tyler McNeely            0  0  0   0  0   0  0  0  0  0  0/0     7:59   0:00   0:00 

3 Stars

1 - Pat Dwyer (Que)
2 - Dustin Kohn (Que)
3 - Guillaume Desbiens (Que)

Power Play

National - 1 on 3 Attempt(s) - 33,33%
Saguenéens - 0 on 2 Attempt(s) - 0,00%

Penalty Kill

National - 2 on 2 Attempt(s) - 100,00% - Score 0 goal in Penalty Kill
Saguenéens - 2 on 3 Attempt(s) - 66,67% - Score 0 goal in Penalty Kill

Official

Referees : Rehman Kyle and StPierre Justin
Linesman : Brian Mach and Derek Nansen

Game Notes

No Game Note

Finance

Level 1 -- Attendance: 1350 (67,50%) -- Ticket Income 54 000 $
Level 2 -- Attendance: 741 (74,10%) -- Ticket Income 14 820 $
Total Attendance: 2091 (69,70%)
Total Ticket Income: 68 820 $
Other Income: 3 441 $
Total Income: 72 261 $

National

5 vs 5 Forward 
   Center                   Left Wing                Right Wing               Time % Phy DF OF 
 1 Mikael Backlund          Rico Fata                Guillaume Desbiens       40     0   2  3  
 2 Jonathan Matsumoto       Pasi Salonen             Jonathan Cheechoo        30     0   2  3  
 3 David Desharnais         Johannes Salmonsson      Pat Dwyer                20     1   2  2  
 4 Chris Mueller            Magnus Paajarvi-Svensson Igor Makarov             10     1   2  2  

5 vs 5 Defense 
   Defense                  Defense                                           Time % Phy DF OF 
 1 Janne Niskala            Ty Wishart                                        40     1   2  2  
 2 Dustin Kohn              Denis Bodrov                                      30     1   2  2  
 3 Philip Larsen            Erik Gustafsson                                   20     1   2  2  
 4 Janne Niskala            Ty Wishart                                        10     1   2  2  

PowerPlay Forward 
   Center                   Left Wing                Right Wing               Time % Phy DF OF 
 1 Mikael Backlund          Rico Fata                Guillaume Desbiens       60     0   1  4  
 2 Jonathan Matsumoto       Pasi Salonen             Jonathan Cheechoo        40     0   1  4  

PowerPlay Defense
   Defense                  Defense                                           Time % Phy DF OF 
 1 Janne Niskala            Ty Wishart                                        60     0   2  3  
 2 Dustin Kohn              Denis Bodrov                                      40     0   2  3  

Penalty Kill 4 Players Forward 
   Center                   Wing                     Time % Phy DF OF 
 1 Mikael Backlund          Pasi Salonen             60     1   2  2  
 2 Guillaume Desbiens       Jonathan Cheechoo        40     1   2  2  

Penalty Kill 4 Players Defense
   Defense                  Defense                  Time % Phy DF OF 
 1 Janne Niskala            Ty Wishart               60     1   2  2  
 2 Dustin Kohn              Denis Bodrov             40     1   2  2  

Penalty Kill - 3 Players Forward 
   Forward                                           Time % Phy DF OF 
 1 Mikael Backlund                                   60     1   2  2  
 2 Pasi Salonen                                      40     1   2  2  

Penalty Kill - 3 Players Defense
   Defense                  Defense                  Time % Phy DF OF 
 1 Janne Niskala            Ty Wishart               60     1   2  2  
 2 Dustin Kohn              Denis Bodrov             40     1   2  2  

4 vs 4 Forward 
   Center                   Wing                     Time % Phy DF OF 
 1 Mikael Backlund          Pasi Salonen             60     0   2  3  
 2 Jonathan Matsumoto       Jonathan Cheechoo        40     0   2  3  

4 vs 4 Defense
   Defense                  Defense                  Time % Phy DF OF 
 1 Janne Niskala            Ty Wishart               60     1   2  2  
 2 Dustin Kohn              Denis Bodrov             40     1   2  2  

Last Minutes Offensive
   Center                   Left Wing                Right Wing               Defense                  Defense                  
   Mikael Backlund          Rico Fata                Guillaume Desbiens       Janne Niskala            Ty Wishart               

Last Minutes Defensive
   Center                   Left Wing                Right Wing               Defense                  Defense                  
   Mikael Backlund          Rico Fata                Guillaume Desbiens       Janne Niskala            Ty Wishart               

Goaltenders
Starting : Keith Kinkaid            
Backup : Tyler Plante             

Extra Forwards
Normal : Johannes Salmonsson, Chris Mueller, Pat Dwyer - PP : Johannes Salmonsson, Chris Mueller - PK : Pat Dwyer
Extra Defensemen
Normal : Philip Larsen, Erik Gustafsson, Dustin Kohn - PP : Philip Larsen - PK : Erik Gustafsson, Dustin Kohn
Penalty Shots
Rico Fata, Pasi Salonen, Guillaume Desbiens, Jonathan Cheechoo, Mikael Backlund

Saguenéens

5 vs 5 Forward 
   Center                   Left Wing                Right Wing               Time % Phy DF OF 
 1 Kyle Brodziak            Evgeny Dadonov           David Moss               40     1   2  2  
 2 Brian Flynn              Bryan Bickell            Joffrey Lupul            30     1   2  2  
 3 Marcus Johansson         Eric Tangradi            David Laliberté          20     1   2  2  
 4 David Toews              Tyler McNeely            Rhett Rakhshani          10     1   2  2  

5 vs 5 Defense 
   Defense                  Defense                                           Time % Phy DF OF 
 1 Derek Morris             Kevin Marshall                                    37     1   2  2  
 2 David Rundblad           Mike Sauer                                        33     1   2  2  
 3 Luke Witkowski           David Rundblad                                    20     1   2  2  
 4 Derek Morris             Brandon Burlon                                    10     0   2  3  

PowerPlay Forward 
   Center                   Left Wing                Right Wing               Time % Phy DF OF 
 1 Brian Flynn              Evgeny Dadonov           David Moss               55     1   1  3  
 2 Marcus Johansson         Joffrey Lupul            Kyle Brodziak            45     1   1  3  

PowerPlay Defense
   Defense                  Defense                                           Time % Phy DF OF 
 1 Derek Morris             Kevin Marshall                                    50     0   2  3  
 2 Mike Sauer               David Rundblad                                    50     0   2  3  

Penalty Kill 4 Players Forward 
   Center                   Wing                     Time % Phy DF OF 
 1 Kyle Brodziak            David Laliberté          50     1   3  1  
 2 Joffrey Lupul            David Moss               50     2   2  1  

Penalty Kill 4 Players Defense
   Defense                  Defense                  Time % Phy DF OF 
 1 Brandon Burlon           Mike Sauer               50     1   3  1  
 2 Derek Morris             Kevin Marshall           50     1   3  1  

Penalty Kill - 3 Players Forward 
   Forward                                           Time % Phy DF OF 
 1 Kyle Brodziak                                     50     1   3  1  
 2 David Moss                                        50     1   3  1  

Penalty Kill - 3 Players Defense
   Defense                  Defense                  Time % Phy DF OF 
 1 Brandon Burlon           Mike Sauer               50     1   3  1  
 2 Derek Morris             Kevin Marshall           50     1   3  1  

4 vs 4 Forward 
   Center                   Wing                     Time % Phy DF OF 
 1 Kyle Brodziak            Evgeny Dadonov           50     1   1  3  
 2 Marcus Johansson         Joffrey Lupul            50     2   1  2  

4 vs 4 Defense
   Defense                  Defense                  Time % Phy DF OF 
 1 Brandon Burlon           Mike Sauer               50     1   2  2  
 2 Derek Morris             Kevin Marshall           50     1   2  2  

Last Minutes Offensive
   Center                   Left Wing                Right Wing               Defense                  Defense                  
   Kyle Brodziak            Evgeny Dadonov           Joffrey Lupul            Derek Morris             Mike Sauer               

Last Minutes Defensive
   Center                   Left Wing                Right Wing               Defense                  Defense                  
   Kyle Brodziak            Evgeny Dadonov           David Moss               Derek Morris             Mike Sauer               

Goaltenders
Starting : Harru Sateri             
Backup : James Reimer             

Extra Forwards
Normal : Brian Flynn, David Laliberté, Evgeny Dadonov - PP : Eric Tangradi, Bryan Bickell - PK : Joffrey Lupul
Extra Defensemen
Normal : Brandon Burlon, David Rundblad, Mike Sauer - PP : Brandon Burlon - PK : Brandon Burlon, David Rundblad
Penalty Shots
Evgeny Dadonov, David Moss, Joffrey Lupul, Kyle Brodziak, Bryan Bickell

% Time on Ice - National

Lines # - Real PCT - Wanted PCT - Time Play
Normal Forward
1 - 36% - 40% - 18:35
2 - 26% - 30% - 13:13
3 - 25% - 20% - 12:50
4 - 13% - 10% - 6:51
Normal Defense
1 - 37% - 40% - 19:08
2 - 35% - 30% - 17:51
3 - 24% - 20% - 12:35
4 - 4% - 10% - 1:55
PP Forward
1 - 56% - 60% - 2:34
2 - 44% - 40% - 1:59
PP Defense
1 - 63% - 60% - 2:53
2 - 37% - 40% - 1:40
PK Forward
1 - 76% - 60% - 3:01
2 - 24% - 40% - 0:57
PK Defense
1 - 66% - 60% - 2:36
2 - 34% - 40% - 1:22
PK3 Forward
1 - 0% - 60%
2 - 0% - 40%
PK3 Defense
1 - 0% - 60%
2 - 0% - 40%
44 Forward
1 - 0% - 60%
2 - 0% - 40%
44 Defense
1 - 0% - 60%
2 - 0% - 40%
Last Minute Offensive  - 0:00
Last Minute Defensive  - 0:00
Total
Forward - 60:00
Defense - 60:00

% Time on Ice - Saguenéens

Lines # - Real PCT - Wanted PCT - Time Play
Normal Forward
1 - 34% - 40% - 17:37
2 - 29% - 30% - 14:49
3 - 21% - 20% - 11:04
4 - 16% - 10% - 7:59
Normal Defense
1 - 35% - 37% - 18:01
2 - 28% - 33% - 14:13
3 - 23% - 20% - 11:58
4 - 14% - 10% - 7:17
PP Forward
1 - 55% - 55% - 2:10
2 - 45% - 45% - 1:48
PP Defense
1 - 49% - 50% - 1:56
2 - 51% - 50% - 2:02
PK Forward
1 - 53% - 50% - 2:25
2 - 47% - 50% - 2:08
PK Defense
1 - 70% - 50% - 3:10
2 - 30% - 50% - 1:23
PK3 Forward
1 - 0% - 50%
2 - 0% - 50%
PK3 Defense
1 - 0% - 50%
2 - 0% - 50%
44 Forward
1 - 0% - 50%
2 - 0% - 50%
44 Defense
1 - 0% - 50%
2 - 0% - 50%
Last Minute Offensive  - 0:00
Last Minute Defensive  - 0:00
Total
Forward - 60:00
Defense - 60:00

Play by Play

1st period


0:01 of 1st period - Mikael Backlund wins face-off versus David Moss in neutral zone.
0:58 of 1st period - Wrist shot by Rhett Rakhshani.
0:58 of 1st period - Shot Misses the Net.
1:00 of 1st period - Snap shot by Mike Sauer.
1:00 of 1st period - Shot Blocked by Pat Dwyer.
1:07 of 1st period - Icing by Janne Niskala.
1:08 of 1st period - David Desharnais wins face-off versus Marcus Johansson in National zone.
1:22 of 1st period - Ty Wishart is hit by Eric Tangradi.
2:05 of 1st period - Slapshot by Joffrey Lupul.
2:05 of 1st period - Stopped by Keith Kinkaid without a rebound.
2:06 of 1st period - Kyle Brodziak wins face-off versus Mikael Backlund in National zone.
2:20 of 1st period - Off-side.
2:21 of 1st period - Brian Flynn wins face-off versus David Desharnais in neutral zone.
2:34 of 1st period - Slapshot by Joffrey Lupul.
2:34 of 1st period - Shot Blocked by Philip Larsen.
2:43 of 1st period - Icing by Kevin Marshall.
2:44 of 1st period - Brian Flynn wins face-off versus Mikael Backlund in Saguenéens zone.
3:00 of 1st period - Kevin Marshall is hit by Mikael Backlund and loses puck.
3:11 of 1st period - Derek Morris is hit by Jonathan Cheechoo and loses puck.
4:12 of 1st period - Slapshot by Kyle Brodziak.
4:12 of 1st period - Stopped by Keith Kinkaid with a rebound.
4:14 of 1st period - Snap shot by Kyle Brodziak.
4:14 of 1st period - Stopped by Keith Kinkaid with a rebound.
4:16 of 1st period - Slapshot by Mike Sauer.
4:16 of 1st period - Shot Blocked by Dustin Kohn.
4:59 of 1st period - Janne Niskala is hit by Brandon Burlon and loses puck.
5:28 of 1st period - Joffrey Lupul is hit by Philip Larsen and loses puck.
5:43 of 1st period - Snap shot by Mikael Backlund.
5:43 of 1st period - Stopped by Harru Sateri without a rebound.
5:44 of 1st period - Jonathan Matsumoto wins face-off versus Kyle Brodziak in Saguenéens zone.
5:59 of 1st period - Slapshot by Kyle Brodziak.
5:59 of 1st period - Shot Misses the Net.
6:51 of 1st period - Wrist shot by Joffrey Lupul.
6:51 of 1st period - Stopped by Keith Kinkaid without a rebound.
6:52 of 1st period - Kyle Brodziak wins face-off versus Mikael Backlund in National zone.
7:09 of 1st period - Snap shot by Mikael Backlund.
7:09 of 1st period - Deflect By Kyle Brodziak.
7:09 of 1st period - Stopped by Harru Sateri without a rebound.
7:10 of 1st period - Brian Flynn wins face-off versus Jonathan Matsumoto in Saguenéens zone.
7:15 of 1st period - Snap shot by Derek Morris.
7:15 of 1st period - Shot Blocked by Jonathan Cheechoo.
8:08 of 1st period - Wrist shot by David Desharnais.
8:08 of 1st period - Stopped by Harru Sateri without a rebound.
8:09 of 1st period - Kyle Brodziak wins face-off versus Jonathan Matsumoto in Saguenéens zone.
8:19 of 1st period - Snap shot by Kyle Brodziak.
8:19 of 1st period - Shot Blocked by Jonathan Matsumoto.
8:21 of 1st period - Slapshot by Kevin Marshall.
8:21 of 1st period - Stopped by Keith Kinkaid with a rebound.
8:23 of 1st period - Wrist shot by Kyle Brodziak.
8:23 of 1st period - Deflect By David Moss.
8:23 of 1st period - Stopped by Keith Kinkaid with a rebound.
8:25 of 1st period - Slapshot by Kevin Marshall.
8:25 of 1st period - Shot Misses the Net.
8:55 of 1st period - Guillaume Desbiens is hit by Rhett Rakhshani.
9:05 of 1st period - David Rundblad is hit by Philip Larsen and loses puck.
9:28 of 1st period - Chris Mueller is hit by David Moss and loses puck.
10:13 of 1st period - Snap shot by Pat Dwyer.
10:13 of 1st period - Stopped by Harru Sateri without a rebound.
10:14 of 1st period - Kyle Brodziak wins face-off versus Mikael Backlund in Saguenéens zone.
10:26 of 1st period - Dustin Kohn is hit by Kyle Brodziak and loses puck.
10:43 of 1st period - Slapshot by Pat Dwyer.
10:43 of 1st period - Goal by Pat Dwyer - National : 1 - Saguenéens : 0.
10:44 of 1st period - Kyle Brodziak wins face-off versus Jonathan Matsumoto in neutral zone.
10:47 of 1st period - Slapshot by Derek Morris.
10:47 of 1st period - Deflect By David Moss.
10:47 of 1st period - Stopped by Keith Kinkaid without a rebound.
10:48 of 1st period - Kyle Brodziak wins face-off versus Jonathan Matsumoto in National zone.
10:51 of 1st period - Slapshot by Evgeny Dadonov.
10:51 of 1st period - Shot Misses the Net.
10:53 of 1st period - Slapshot by David Moss.
10:53 of 1st period - Deflect By Evgeny Dadonov.
10:53 of 1st period - Stopped by Keith Kinkaid without a rebound.
10:54 of 1st period - Kyle Brodziak wins face-off versus Jonathan Matsumoto in National zone.
10:55 of 1st period - Wrist shot by David Moss.
10:55 of 1st period - Shot Misses the Net.
10:57 of 1st period - Slapshot by Derek Morris.
10:57 of 1st period - Stopped by Keith Kinkaid without a rebound.
10:58 of 1st period - Kyle Brodziak wins face-off versus Mikael Backlund in National zone.
11:09 of 1st period - Snap shot by David Moss.
11:09 of 1st period - Shot Blocked by Ty Wishart.
11:54 of 1st period - Eric Tangradi is hit by Pat Dwyer and loses puck.
12:15 of 1st period - Snap shot by David Moss.
12:15 of 1st period - Stopped by Keith Kinkaid without a rebound.
12:16 of 1st period - Kyle Brodziak wins face-off versus Mikael Backlund in National zone.
12:19 of 1st period - Wrist shot by David Moss.
12:19 of 1st period - Stopped by Keith Kinkaid with a rebound.
12:21 of 1st period - Slapshot by David Rundblad.
12:21 of 1st period - Stopped by Keith Kinkaid with a rebound.
12:43 of 1st period - Joffrey Lupul is hit by Jonathan Matsumoto and loses puck.
12:50 of 1st period - Wrist shot by Jonathan Matsumoto.
12:50 of 1st period - Shot Blocked by Brian Flynn.
13:24 of 1st period - Wrist shot by Pat Dwyer.
13:24 of 1st period - Stopped by Harru Sateri without a rebound.
13:25 of 1st period - David Toews wins face-off versus Chris Mueller in Saguenéens zone.
13:34 of 1st period - Slapshot by Rhett Rakhshani.
13:34 of 1st period - Stopped by Keith Kinkaid without a rebound.
13:35 of 1st period - Kyle Brodziak wins face-off versus Guillaume Desbiens in National zone.
13:40 of 1st period - Wrist shot by Kyle Brodziak.
13:40 of 1st period - Stopped by Keith Kinkaid with a rebound.
13:42 of 1st period - Slapshot by Derek Morris.
13:42 of 1st period - Deflect By Rico Fata.
13:42 of 1st period - Stopped by Keith Kinkaid with a rebound.
13:44 of 1st period - Wrist shot by David Moss.
13:44 of 1st period - Goal by David Moss - National : 1 - Saguenéens : 1.
13:45 of 1st period - Mikael Backlund wins face-off versus Kyle Brodziak in neutral zone.
13:58 of 1st period - Snap shot by Evgeny Dadonov.
13:58 of 1st period - Stopped by Keith Kinkaid without a rebound.
13:59 of 1st period - Jonathan Matsumoto wins face-off versus Brian Flynn in National zone.
14:04 of 1st period - Slapshot by Janne Niskala.
14:04 of 1st period - Stopped by Harru Sateri with a rebound.
14:06 of 1st period - Snap shot by Jonathan Cheechoo.
14:06 of 1st period - Shot Misses the Net.
14:36 of 1st period - Derek Morris is hit by Rico Fata.
14:50 of 1st period - Dustin Kohn is hit by Derek Morris and loses puck.
14:57 of 1st period - Snap shot by David Laliberté.
14:57 of 1st period - Goal by David Laliberté - National : 1 - Saguenéens : 2.
14:58 of 1st period - Kyle Brodziak wins face-off versus Mikael Backlund in neutral zone.
15:09 of 1st period - Wrist shot by Kyle Brodziak.
15:09 of 1st period - Shot Blocked by Guillaume Desbiens.
15:11 of 1st period - Slapshot by Evgeny Dadonov.
15:11 of 1st period - Shot Misses the Net.
15:23 of 1st period - Mike Sauer is hit by Janne Niskala and loses puck.
15:30 of 1st period - Slapshot by Jonathan Cheechoo.
15:30 of 1st period - Goal by Jonathan Cheechoo - National : 2 - Saguenéens : 2.
15:31 of 1st period - Mikael Backlund wins face-off versus Kyle Brodziak in neutral zone.
15:34 of 1st period - Evgeny Dadonov is hit by Rico Fata.
15:56 of 1st period - Mike Sauer is hit by Pasi Salonen and loses puck.
16:12 of 1st period - Icing by Denis Bodrov.
16:13 of 1st period - Jonathan Matsumoto wins face-off versus Marcus Johansson in National zone.
16:19 of 1st period - Off-side.
16:20 of 1st period - Kyle Brodziak wins face-off versus Mikael Backlund in neutral zone.
16:33 of 1st period - Wrist shot by Rico Fata.
16:33 of 1st period - Shot Misses the Net.
17:58 of 1st period - Snap shot by Kyle Brodziak.
17:58 of 1st period - Deflect By Evgeny Dadonov.
17:58 of 1st period - Shot Blocked by Mikael Backlund.
17:58 of 1st period - Puck is out of play.
17:59 of 1st period - Kyle Brodziak wins face-off versus Mikael Backlund in National zone.
18:54 of 1st period - Slapshot by Marcus Johansson.
18:54 of 1st period - Stopped by Keith Kinkaid with a rebound.
19:21 of 1st period - Snap shot by Guillaume Desbiens.
19:21 of 1st period - Stopped by Harru Sateri without a rebound.
19:22 of 1st period - Jonathan Cheechoo wins face-off versus Kyle Brodziak in Saguenéens zone.
19:49 of 1st period - Dustin Kohn is hit by Bryan Bickell and loses puck.
Goals for this period are 2 for National vs 2 for Saguenéens.
Shots for this period are 9 for National vs 19 for Saguenéens.

2nd period


0:01 of 2nd period - Kyle Brodziak wins face-off versus Mikael Backlund in neutral zone.
0:12 of 2nd period - Wrist shot by Rico Fata.
0:12 of 2nd period - Stopped by Harru Sateri with a rebound.
0:14 of 2nd period - Slapshot by Ty Wishart.
0:14 of 2nd period - Shot Misses the Net.
0:16 of 2nd period - Wrist shot by Mikael Backlund.
0:16 of 2nd period - Shot Blocked by David Moss.
0:28 of 2nd period - Pasi Salonen is hit by Luke Witkowski and loses puck.
0:55 of 2nd period - Wrist shot by Marcus Johansson.
0:55 of 2nd period - Shot Misses the Net.
0:57 of 2nd period - Wrist shot by Eric Tangradi.
0:57 of 2nd period - Shot Misses the Net.
0:59 of 2nd period - Wrist shot by Marcus Johansson.
0:59 of 2nd period - Shot Blocked by Denis Bodrov.
1:01 of 2nd period - Wrist shot by Marcus Johansson.
1:01 of 2nd period - Stopped by Keith Kinkaid with a rebound.
1:03 of 2nd period - Slapshot by Luke Witkowski.
1:03 of 2nd period - Shot Misses the Net.
1:23 of 2nd period - Snap shot by Rhett Rakhshani.
1:23 of 2nd period - Stopped by Keith Kinkaid without a rebound.
1:24 of 2nd period - Mikael Backlund wins face-off versus Kyle Brodziak in National zone.
1:24 of 2nd period - Mikael Backlund is hit by Evgeny Dadonov.
1:27 of 2nd period - Minor Penalty to Guillaume Desbiens for Roughing.
1:28 of 2nd period - Brian Flynn wins face-off versus Mikael Backlund in National zone.
3:27 of 2nd period - Penalty to Guillaume Desbiens is over, Guillaume Desbiens is back on ice.
3:46 of 2nd period - Pasi Salonen is hit by David Rundblad and loses puck.
4:11 of 2nd period - Icing by Brandon Burlon.
4:12 of 2nd period - Marcus Johansson wins face-off versus David Desharnais in Saguenéens zone.
4:19 of 2nd period - Snap shot by Johannes Salmonsson.
4:19 of 2nd period - Stopped by Harru Sateri without a rebound.
4:20 of 2nd period - Kyle Brodziak wins face-off versus Chris Mueller in Saguenéens zone.
4:25 of 2nd period - Evgeny Dadonov is hit by Dustin Kohn and loses puck.
4:34 of 2nd period - Wrist shot by Igor Makarov.
4:34 of 2nd period - Goal by Igor Makarov - National : 3 - Saguenéens : 2.
4:35 of 2nd period - Kyle Brodziak wins face-off versus Mikael Backlund in neutral zone.
4:43 of 2nd period - Janne Niskala is hit by Kevin Marshall and loses puck.
4:50 of 2nd period - Mikael Backlund is hit by Kyle Brodziak.
5:00 of 2nd period - Brian Flynn is hit by Pasi Salonen and loses puck.
5:05 of 2nd period - Snap shot by Pasi Salonen.
5:05 of 2nd period - Shot Misses the Net.
5:07 of 2nd period - Snap shot by Jonathan Matsumoto.
5:07 of 2nd period - Stopped by Harru Sateri with a rebound.
5:09 of 2nd period - Snap shot by Jonathan Cheechoo.
5:09 of 2nd period - Stopped by Harru Sateri with a rebound.
5:11 of 2nd period - Snap shot by Pasi Salonen.
5:11 of 2nd period - Shot Misses the Net.
5:13 of 2nd period - Wrist shot by Jonathan Matsumoto.
5:13 of 2nd period - Stopped by Harru Sateri with a rebound.
5:31 of 2nd period - Slapshot by Derek Morris.
5:31 of 2nd period - Stopped by Keith Kinkaid with a rebound.
6:09 of 2nd period - Snap shot by Evgeny Dadonov.
6:09 of 2nd period - Shot Misses the Net.
6:11 of 2nd period - Minor Penalty to Guillaume Desbiens for Hooking.
6:12 of 2nd period - Mikael Backlund wins face-off versus Brian Flynn in National zone.
6:45 of 2nd period - Pat Dwyer is hit by Kyle Brodziak.
6:59 of 2nd period - Jonathan Cheechoo is hit by Kyle Brodziak and loses puck.
7:43 of 2nd period - Icing by Derek Morris.
7:44 of 2nd period - Brian Flynn wins face-off versus David Desharnais in Saguenéens zone.
8:11 of 2nd period - Penalty to Guillaume Desbiens is over, Guillaume Desbiens is back on ice.
8:11 of 2nd period - David Rundblad is hit by Guillaume Desbiens and loses puck.
8:41 of 2nd period - Wrist shot by David Desharnais.
8:41 of 2nd period - Stopped by Harru Sateri without a rebound.
8:42 of 2nd period - Marcus Johansson wins face-off versus David Desharnais in Saguenéens zone.
8:47 of 2nd period - Slapshot by David Rundblad.
8:47 of 2nd period - Shot Blocked by Denis Bodrov.
8:53 of 2nd period - Eric Tangradi is hit by Pat Dwyer and loses puck.
10:32 of 2nd period - Backhand shot by Joffrey Lupul.
10:32 of 2nd period - Stopped by Keith Kinkaid with a rebound.
10:34 of 2nd period - Wrist shot by Mike Sauer.
10:34 of 2nd period - Shot Misses the Net.
10:36 of 2nd period - Snap shot by Bryan Bickell.
10:36 of 2nd period - Shot Misses the Net.
10:38 of 2nd period - Slapshot by Kevin Marshall.
10:38 of 2nd period - Deflect By Bryan Bickell.
10:38 of 2nd period - Shot Misses the Net.
10:38 of 2nd period - Puck is out of play.
10:39 of 2nd period - Mikael Backlund wins face-off versus Brian Flynn in National zone.
10:39 of 2nd period - Mikael Backlund is hit by Brian Flynn.
10:53 of 2nd period - Wrist shot by Guillaume Desbiens.
10:53 of 2nd period - Stopped by Harru Sateri with a rebound.
10:55 of 2nd period - Minor Penalty to Bryan Bickell for Hooking.
10:56 of 2nd period - Kyle Brodziak wins face-off versus Mikael Backlund in Saguenéens zone.
11:09 of 2nd period - Slapshot by Joffrey Lupul.
11:09 of 2nd period - Deflect By David Moss.
11:09 of 2nd period - Stopped by Keith Kinkaid with a rebound.
11:50 of 2nd period - Dustin Kohn is hit by Kevin Marshall and loses puck.
12:55 of 2nd period - Penalty to Bryan Bickell is over, Bryan Bickell is back on ice.
13:03 of 2nd period - Kevin Marshall is hit by Pat Dwyer and loses puck.
13:26 of 2nd period - Slapshot by Magnus Paajarvi-Svensson.
13:26 of 2nd period - Shot Hit the Post.
13:28 of 2nd period - Snap shot by Chris Mueller.
13:28 of 2nd period - Stopped by Harru Sateri with a rebound.
14:02 of 2nd period - Slapshot by David Rundblad.
14:02 of 2nd period - Shot Misses the Net.
14:29 of 2nd period - Ty Wishart is hit by Kyle Brodziak.
15:23 of 2nd period - Mike Sauer is hit by Magnus Paajarvi-Svensson and loses puck.
15:50 of 2nd period - David Moss is hit by Guillaume Desbiens and loses puck.
16:12 of 2nd period - Igor Makarov is hit by Marcus Johansson and loses puck.
16:30 of 2nd period - Jonathan Matsumoto is hit by Joffrey Lupul and loses puck.
17:42 of 2nd period - Derek Morris is hit by Pat Dwyer and loses puck.
18:03 of 2nd period - Pat Dwyer is hit by Mike Sauer and loses puck.
18:12 of 2nd period - Tyler McNeely is hit by Erik Gustafsson and loses puck.
18:21 of 2nd period - Wrist shot by Pat Dwyer.
18:21 of 2nd period - Stopped by Harru Sateri without a rebound.
18:22 of 2nd period - Mikael Backlund wins face-off versus Bryan Bickell in Saguenéens zone.
18:23 of 2nd period - Slapshot by Guillaume Desbiens.
18:23 of 2nd period - Deflect By Mikael Backlund.
18:23 of 2nd period - Shot Blocked by Luke Witkowski.
18:23 of 2nd period - Puck is out of play.
18:24 of 2nd period - Mikael Backlund wins face-off versus Brian Flynn in Saguenéens zone.
18:25 of 2nd period - Snap shot by Guillaume Desbiens.
18:25 of 2nd period - Shot Misses the Net.
18:27 of 2nd period - Wrist shot by Rico Fata.
18:27 of 2nd period - Shot Misses the Net.
18:29 of 2nd period - Wrist shot by Rico Fata.
18:29 of 2nd period - Stopped by Harru Sateri without a rebound.
18:30 of 2nd period - Brian Flynn wins face-off versus Mikael Backlund in Saguenéens zone.
18:55 of 2nd period - Slapshot by Joffrey Lupul.
18:55 of 2nd period - Stopped by Keith Kinkaid with a rebound.
19:15 of 2nd period - Backhand shot by Bryan Bickell.
19:15 of 2nd period - Shot Misses the Net.
19:26 of 2nd period - Wrist shot by Mikael Backlund.
19:26 of 2nd period - Shot Blocked by Luke Witkowski.
19:28 of 2nd period - Snap shot by Rico Fata.
19:28 of 2nd period - Shot Hit the Post.
19:32 of 2nd period - Wrist shot by Rico Fata.
19:32 of 2nd period - Deflect By Guillaume Desbiens.
19:32 of 2nd period - Stopped by Harru Sateri with a rebound.
19:34 of 2nd period - Slapshot by Ty Wishart.
19:34 of 2nd period - Deflect By Guillaume Desbiens.
19:34 of 2nd period - Stopped by Harru Sateri without a rebound.
19:35 of 2nd period - Kyle Brodziak wins face-off versus Jonathan Matsumoto in Saguenéens zone.
Goals for this period are 1 for National vs 0 for Saguenéens.
Shots for this period are 13 for National vs 6 for Saguenéens.

3rd period


0:01 of 3rd period - Kyle Brodziak wins face-off versus Mikael Backlund in neutral zone.
0:08 of 3rd period - Slapshot by Evgeny Dadonov.
0:08 of 3rd period - Shot Misses the Net.
1:00 of 3rd period - Wrist shot by Brian Flynn.
1:00 of 3rd period - Goal by Brian Flynn - National : 3 - Saguenéens : 3.
1:01 of 3rd period - Jonathan Matsumoto wins face-off versus Kyle Brodziak in neutral zone.
1:05 of 3rd period - Off-side.
1:06 of 3rd period - Kyle Brodziak wins face-off versus Jonathan Matsumoto in neutral zone.
1:35 of 3rd period - Wrist shot by Brian Flynn.
1:35 of 3rd period - Deflect By Bryan Bickell.
1:35 of 3rd period - Stopped by Keith Kinkaid with a rebound.
1:37 of 3rd period - Wrist shot by David Rundblad.
1:37 of 3rd period - Deflect By Brian Flynn.
1:37 of 3rd period - Stopped by Keith Kinkaid without a rebound.
1:38 of 3rd period - Mikael Backlund wins face-off versus Brian Flynn in National zone.
2:29 of 3rd period - Slapshot by David Desharnais.
2:29 of 3rd period - Shot Misses the Net.
2:53 of 3rd period - Slapshot by Igor Makarov.
2:53 of 3rd period - Stopped by Harru Sateri without a rebound.
2:54 of 3rd period - Kyle Brodziak wins face-off versus Mikael Backlund in Saguenéens zone.
3:03 of 3rd period - Snap shot by Derek Morris.
3:03 of 3rd period - Stopped by Keith Kinkaid without a rebound.
3:04 of 3rd period - Guillaume Desbiens wins face-off versus Kyle Brodziak in National zone.
3:56 of 3rd period - Icing by Denis Bodrov.
3:57 of 3rd period - Mikael Backlund wins face-off versus Brian Flynn in National zone.
3:57 of 3rd period - Mikael Backlund is hit by David Rundblad.
4:03 of 3rd period - Wrist shot by Guillaume Desbiens.
4:03 of 3rd period - Shot Blocked by Mike Sauer.
4:05 of 3rd period - Snap shot by Guillaume Desbiens.
4:05 of 3rd period - Goal by Guillaume Desbiens - National : 4 - Saguenéens : 3.
4:06 of 3rd period - Jonathan Matsumoto wins face-off versus Brian Flynn in neutral zone.
4:38 of 3rd period - Slapshot by Derek Morris.
4:38 of 3rd period - Shot Misses the Net.
4:54 of 3rd period - Slapshot by Brian Flynn.
4:54 of 3rd period - Stopped by Keith Kinkaid without a rebound.
4:55 of 3rd period - David Desharnais wins face-off versus Kyle Brodziak in National zone.
5:06 of 3rd period - Slapshot by Pat Dwyer.
5:06 of 3rd period - Stopped by Harru Sateri with a rebound.
5:08 of 3rd period - Snap shot by Johannes Salmonsson.
5:08 of 3rd period - Stopped by Harru Sateri with a rebound.
5:34 of 3rd period - Icing by Dustin Kohn.
5:35 of 3rd period - Evgeny Dadonov wins face-off versus Jonathan Matsumoto in National zone.
5:44 of 3rd period - Slapshot by Denis Bodrov.
5:44 of 3rd period - Shot Blocked by Evgeny Dadonov.
6:23 of 3rd period - Wrist shot by Pat Dwyer.
6:23 of 3rd period - Stopped by Harru Sateri with a rebound.
7:10 of 3rd period - Philip Larsen is hit by David Rundblad and loses puck.
7:37 of 3rd period - Snap shot by Janne Niskala.
7:37 of 3rd period - Shot Blocked by Bryan Bickell.
7:39 of 3rd period - Snap shot by Ty Wishart.
7:39 of 3rd period - Shot Misses the Net.
7:41 of 3rd period - Slapshot by Janne Niskala.
7:41 of 3rd period - Stopped by Harru Sateri with a rebound.
7:53 of 3rd period - Marcus Johansson is hit by Pat Dwyer and loses puck.
9:05 of 3rd period - Minor Penalty to Brandon Burlon for Interference.
9:06 of 3rd period - Kyle Brodziak wins face-off versus Mikael Backlund in Saguenéens zone.
9:41 of 3rd period - Slapshot by David Laliberté.
9:41 of 3rd period - Stopped by Keith Kinkaid with a rebound.
9:43 of 3rd period - Slapshot by David Laliberté.
9:43 of 3rd period - Stopped by Keith Kinkaid with a rebound.
9:52 of 3rd period - Icing by Guillaume Desbiens.
9:53 of 3rd period - Joffrey Lupul wins face-off versus Mikael Backlund in National zone.
10:20 of 3rd period - Kyle Brodziak is hit by Jonathan Matsumoto and loses puck.
11:05 of 3rd period - Penalty to Brandon Burlon is over, Brandon Burlon is back on ice.
12:22 of 3rd period - Minor Penalty to David Rundblad for Holding.
12:23 of 3rd period - Mikael Backlund wins face-off versus Kyle Brodziak in Saguenéens zone.
12:57 of 3rd period - Snap shot by Guillaume Desbiens.
12:57 of 3rd period - Goal by Guillaume Desbiens - National : 5 - Saguenéens : 3.
12:58 of 3rd period - Pasi Salonen wins face-off versus Kyle Brodziak in neutral zone.
13:10 of 3rd period - Snap shot by Jonathan Cheechoo.
13:10 of 3rd period - Shot Misses the Net.
13:47 of 3rd period - Derek Morris is hit by Dustin Kohn.
13:51 of 3rd period - Wrist shot by Pat Dwyer.
13:51 of 3rd period - Stopped by Harru Sateri with a rebound.
13:53 of 3rd period - Snap shot by David Desharnais.
13:53 of 3rd period - Stopped by Harru Sateri with a rebound.
13:55 of 3rd period - Snap shot by Johannes Salmonsson.
13:55 of 3rd period - Stopped by Harru Sateri with a rebound.
13:57 of 3rd period - Snap shot by Johannes Salmonsson.
13:57 of 3rd period - Shot Misses the Net.
13:59 of 3rd period - Wrist shot by Philip Larsen.
13:59 of 3rd period - Shot Blocked by Derek Morris.
14:48 of 3rd period - Evgeny Dadonov is hit by Jonathan Cheechoo and loses puck.
15:05 of 3rd period - Wrist shot by Evgeny Dadonov.
15:05 of 3rd period - Stopped by Keith Kinkaid without a rebound.
15:06 of 3rd period - Marcus Johansson wins face-off versus Mikael Backlund in National zone.
15:13 of 3rd period - Wrist shot by Marcus Johansson.
15:13 of 3rd period - Stopped by Keith Kinkaid with a rebound.
15:31 of 3rd period - Derek Morris is hit by Pat Dwyer and loses puck.
15:40 of 3rd period - Snap shot by Brian Flynn.
15:40 of 3rd period - Shot Misses the Net.
15:54 of 3rd period - Janne Niskala is hit by Kevin Marshall and loses puck.
16:04 of 3rd period - Slapshot by Erik Gustafsson.
16:04 of 3rd period - Shot Blocked by Kevin Marshall.
16:20 of 3rd period - Eric Tangradi is hit by Philip Larsen.
16:30 of 3rd period - Snap shot by David Laliberté.
16:30 of 3rd period - Stopped by Keith Kinkaid without a rebound.
16:31 of 3rd period - Kyle Brodziak wins face-off versus Mikael Backlund in National zone.
16:38 of 3rd period - Slapshot by Kyle Brodziak.
16:38 of 3rd period - Stopped by Keith Kinkaid with a rebound.
16:40 of 3rd period - Snap shot by Kyle Brodziak.
16:40 of 3rd period - Shot Misses the Net.
16:42 of 3rd period - Slapshot by David Moss.
16:42 of 3rd period - Stopped by Keith Kinkaid with a rebound.
16:44 of 3rd period - Snap shot by David Moss.
16:44 of 3rd period - Shot Blocked by Ty Wishart.
16:46 of 3rd period - Snap shot by Evgeny Dadonov.
16:46 of 3rd period - Shot Misses the Net.
17:01 of 3rd period - Pat Dwyer is hit by Luke Witkowski and loses puck.
18:00 of 3rd period - Mike Sauer is hit by Johannes Salmonsson and loses puck.
18:34 of 3rd period - Slapshot by David Rundblad.
18:34 of 3rd period - Deflect By Johannes Salmonsson.
18:34 of 3rd period - Stopped by Keith Kinkaid without a rebound.
18:35 of 3rd period - Rico Fata wins face-off versus Kyle Brodziak in National zone.
Goals for this period are 2 for National vs 1 for Saguenéens.
Shots for this period are 10 for National vs 13 for Saguenéens.


Output by the SimonT Hockey Simulator (STHS) for François Prévost -- Original Page W3C XHTML 1.0 Valid
Hockey Simulator - Hockey Simulation - Hockey Manager